 Dungeon Crawl Stone Soup version 0.18-a0-1772-gce6d5cf (webtiles) character file.

211174 Geeful the Bludgeoner (level 19, -2/187 HPs)
             Began as a Kobold Berserker on Apr 14, 2016.
             Was the Champion of Trog.
             Killed by the raging water
             ... invoked by a water nymph
              (16 damage)
             ... on level 1 of the Shoals on Apr 15, 2016.
             The game lasted 02:54:26 (43662 turns).

Geeful the Bludgeoner (Kobold Berserker)           Turns: 43662, Time: 02:54:27

Health: -2/187     AC: 32    Str: 33    XL:     19   Next: 60%
Magic:  6/6        EV: 18    Int:  6    God:    Trog [******]
Gold:   1584       SH:  0    Dex: 15    Spells: 0 memorised, 18 levels left

rFire  + + .     SeeInvis .     b - +9 eveningstar (antimagic)
rCold  . . .     Gourm    .     K - +1 crystal plate armour "Robetwic" {rPois}
rNeg   . . .     Faith    .     (shield restricted)
rPois  +         Spirit   .     U - +2 hat
rElec  .         Dismiss  .     B - +1 cloak
rCorr  .         Reflect  .     Y - +0 pair of gloves
SustAt +         Harm     .     k - +1 pair of boots of Vyopry {-Cast rF+ MR+}
MR     ++...     NoCast   +     j - amulet "Fugiorche" {RegenMP rPois}
Stlth  ..........               w - ring of protection from fire
                                Q - ring "Oschait" {SustAt Str+5}

@: berserking, manticore barbs, very quick, very resistant to hostile
enchantments, extremely unstealthy
A: carnivore 3
a: Berserk, Trog's Hand, Brothers in Arms, Burn Spellbooks, Renounce Religion
}: 1/15 runes: serpentine


You were on level 1 of the Shoals.
You worshipped Trog.
Trog was exalted by your worship.
You were completely stuffed.

You visited 5 branches of the dungeon, and saw 30 of its levels.
You visited 1 bazaar.
You also visited: Labyrinth and Ice Cave.

You collected 3549 gold pieces.
You spent 1965 gold pieces at shops.

Inventory:

Hand Weapons
 a - the +9 flail of Fiejoinu {freeze, rElec MR+ Dex+2}
   (You found it on level 1 of the Lair of Beasts)

   It has been specially enchanted to freeze those struck by it, causing extra
   injury to most foes and up to half again as much damage against particularly
   susceptible opponents.
   It can also slow down cold-blooded creatures.
   It affects your dexterity (+2).
   It insulates you from electricity.
   It affects your resistance to hostile enchantments.
 b - a +9 antimagic eveningstar (weapon)
Missiles
 C - 2 throwing nets (quivered)
Armour
 k - the +1 pair of boots of Vyopry (worn) {-Cast rF+ MR+}
   (You bought it in a shop in a bazaar)

   It protects you from fire.
   It affects your resistance to hostile enchantments.
   It prevents spellcasting.
 B - a +1 cloak (worn)
 K - the +1 crystal plate armour "Robetwic" (worn) {rPois}
   (You acquired it on level 3 of the Snake Pit)

   It protects you from poison.
 U - a +2 hat (worn)
 V - a +0 shield
 Y - a +0 pair of gloves (worn)
Jewellery
 j - the amulet "Fugiorche" (around neck) {RegenMP rPois}
   (You bought it in a shop on level 12 of the Dungeon)

   [amulet of magic regeneration]

   It increases your magic regeneration.
   It protects you from poison.
 w - a ring of protection from fire (right hand)
 A - the ring of Otsyps {Int+5 Slay+2 Stlth+}
   (You found it on level 8 of the Lair of Beasts)

   [ring of stealth]

   It affects your intelligence (+5).
   It affects your accuracy and damage with ranged weapons and melee attacks
   (+2).
   It makes you more stealthy.
 D - an uncursed ring of resist corrosion
 I - an uncursed ring of protection from cold
 M - a +6 ring of dexterity
 O - an uncursed ring of protection from fire
 Q - the ring "Oschait" (left hand) {SustAt Str+5}
   (You found it in a labyrinth)

   [ring of sustain attributes]

   It sustains your strength, intelligence and dexterity.
   It affects your strength (+5).
 T - an uncursed ring of see invisible
Wands
 t - a wand of confusion (11/48)
 y - a wand of heal wounds (1/9)
 F - a wand of digging (10/24)
 W - a wand of teleportation (5/9)
Scrolls
 g - 2 scrolls of brand weapon
 h - 4 scrolls of magic mapping
 n - 5 scrolls of enchant armour
 r - 3 scrolls of fear
 s - 10 scrolls of remove curse
 u - 5 scrolls of recharging
 v - 6 scrolls of teleportation
 z - 3 scrolls of fog
 E - 2 scrolls of summoning
 N - 2 scrolls of holy word
 P - 11 scrolls of identify
 X - a scroll of blinking
Potions
 d - a potion of ambrosia
 e - 5 potions of cure mutation
 l - 2 potions of invisibility
 m - 3 potions of cancellation
 o - 14 potions of curing
 p - 2 potions of brilliance
 q - 7 potions of heal wounds
 x - 4 potions of haste
 G - 7 potions of mutation
 J - 6 potions of flight
 Z - 3 potions of might
Miscellaneous
 S - a legendary deck of destruction {drawn: 7}
Comestibles
 c - 11 meat rations
 f - 2 royal jellies
 i - 13 beef jerkies
 H - 4 chunks of flesh
 R - a slice of pizza


   Skills:
 - Level 15.7 Fighting
 - Level 17.8 Maces & Flails
 - Level 13.5 Armour
 - Level 16.8 Dodging
 + Level 9.5 Shields


You had 18 spell levels left.
You didn't know any spells.

Dungeon Overview and Level Annotations

Branches:
Dungeon (15/15)            Temple (0/1) D:6            Lair (8/8) D:9
 Shoals (1/4) Lair:5        Snake (4/4) Lair:3        Slime (0/6) Lair:7
    Orc (2/2) D:9             Elf (0/3) Orc:2        Vaults (0/5) D:13
 Depths (0/5) D:15

Altars:
Cheibriados
Dithmenos
Elyvilon
Gozag
Makhleb
Okawaru
Yredelemnul
Zin
The Shining One
Beogh

Shops:
D:4 *   D:7 !   D:8 [(   D:12 =   D:14 (:*   Orc:2 (!}%

Annotations:
Lair:7 exclusion: 4 oklob plants


Innate Abilities, Weirdness & Mutations

You are small and have problems with some larger weapons.
You are carnivorous and can eat meat at any time.


Message History

Your unstable footing causes you to fumble your attack.
The water nymph casts a spell at you. The water swirls and strikes you!
* * * LOW HITPOINT WARNING * * *
A red film seems to cover your vision as you go berserk!
You feel yourself moving faster!
You feel mighty!
You feel somewhat less full. The griffon closely misses you.
The griffon pecks you but does no damage.
The griffon completely misses you. The water nymph casts a spell at you.
The water swirls and strikes you!
* * * LOW HITPOINT WARNING * * *
Your unstable footing causes you to fumble your attack.
The griffon bites you but does no damage.
The griffon pecks you but does no damage.
The griffon claws you but does no damage.
Your unstable footing causes you to fumble your attack.
The water nymph casts a spell at you. The water swirls and strikes you!
You die...

≈≈≈≈≈≈≈≈≈≈≈≈≈≈≈≈≈≈≈≈≈≈
≈≈≈≈≈≈≈≈≈≈≈≈≈≈≈≈≈≈≈≈≈≈≈.
≈≈≈≈≈≈≈≈≈≈≈≈≈≈≈≈≈≈≈≈≈≈..
≈≈≈≈≈≈≈≈≈≈≈≈≈≈≈≈≈≈≈≈≈..#
≈≈≈≈≈≈≈≈≈[≈≈≈≈≈≈≈≈≈...#
≈≈≈≈≈≈≈≈≈...≈≈≈≈≈≈.≈..#
...≈≈≈.<≈.#....≈≈≈≈≈≈##
....≈≈..≈.....))≈m≈...##
.#.......≈...≈≈≈@≈≈.....
##..........≈≈≈H≈≈.#...
####.....##≈≈≈≈≈≈##
###......≈≈≈.≈.#
##..≈≈≈≈≈≈≈≈≈≈.
..≈≈≈≈≈≈≈≈≈≈.≈≈
≈≈.≈≈≈≈.......≈≈≈
≈≈≈≈≈≈.......≈≈≈


You could see a griffon and a water nymph.

Vanquished Creatures
  Rupert (Lair:6)
  9 greater nagas
  A frost giant (IceCv)
  Maud (D:11)
  A juggernaut zombie (D:15)
  Snorg (Lair:8)
  Josephine (Lair:6)
  4 vault guards (D:13)
  10 hydras
  9 centaur warriors
  13 naga warriors
  11 anacondas
  A death knight (D:13)
  4 death yaks
  A satyr (Lab)
  A queen ant (Lair:8)
  An iron giant skeleton (D:15)
  A sun demon (D:15)
  18 naga sharpshooters
  7 shock serpents
  Sonja (D:14)
  5 skeletal warriors
  4 salamander mystics
  An unseen horror (D:15)
  A phantasmal warrior (D:15)
  7 naga ritualists
  A necromancer (D:15)
  10 hill giants
  7 orc knights
  An oklob plant (Lair:5)
  A wizard (D:12)
  3 griffons
  2 deep elf magi
  5 ugly things
  12 mana vipers
  8 cyclopes
  2 wolf spiders (Lair:8)
  An orc sorcerer (Orc:2)
  3 manticores
  34 elephants
  53 black mambas
  2 sirens
  Maurice (D:9)
  32 naga magi
  6 guardian serpents
  12 salamanders
  2 centaur skeletons
  An ice statue (IceCv)
  5 gargoyles
  5 komodo dragons
  24 spiny frogs
  2 rime drakes
  The ghost of Eucla the Martial Artist, a novice OpMo of Okawaru (D:5)
  7 trolls
  An ice devil (D:15)
  A yaktaur skeleton (D:15)
  3 two-headed ogres
  14 polar bears (IceCv)
  20 blink frogs
  A slime creature (Lair:4)
  The ghost of leifrocks2 the Cutter, an amateur HaCK of Xom (D:7)
  A hornet zombie (D:13)
  2 shadows
  A centaur simulacrum (D:14)
  A redback (Lair:8)
  58 yaks
  10 wyverns
  3 wraiths (Lair:6)
  2 hogs (D:13)
  An elf zombie (D:15)
  3 basilisks
  15 vampire mosquitoes
  A hungry ghost (D:7)
  8 hippogriffs
  6 wargs
  A steam dragon (D:11)
  55 nagas
  A mottled dragon (D:14)
  20 soldier ants (Lair:8)
  4 swamp worms (D:11)
  10 porcupines
  18 water moccasins
  2 black bears
  4 sky beasts
  34 orc warriors
  6 wasps
  5 ice beasts
  5 phantoms
  A necrophage (D:11)
  17 ogres
  11 centaurs
  17 wolves
  20 crocodiles
  5 big kobolds
  19 giant frogs
  3 wyvern zombies
  An earth elemental (Lab)
  A water moccasin zombie (D:9)
  A wyvern skeleton (D:14)
  5 scorpions
  A killer bee (D:13)
  3 wights (D:8)
  11 howler monkeys
  4 centaur zombies
  14 crimson imps
  3 giant frog zombies
  6 hounds
  2 giant frog skeletons (D:9)
  12 jellies
  13 orc priests
  A gnoll shaman (D:7)
  12 iguanas
  An iron imp (D:9)
  15 orc wizards
  30 worker ants
  2 hell rats (Lair:3)
  32 sheep
  A hound zombie (D:8)
  The ghost of leifrocks2 the Chiller, a weakling OpIE (D:3)
  6 hound skeletons
  A worker ant zombie (D:7)
  A howler monkey zombie (D:11)
  13 gnolls
  21 adders
  69 river rats
  3 shadow imps
  16 white imps
  16 oozes (Lair:4)
  2 adder skeletons
  15 worms (D:11)
  4 dart slugs
  8 giant geckos
  86 orcs
  6 bats
  5 giant cockroaches
  8 goblins
  7 hobgoblins
  7 jackals
  4 quokkas
  A ball python (D:5)
  3 giant newts
  A jackal skeleton (D:5)
  18 kobolds
  A quokka skeleton (D:7)
  5 rats
  2 plants
1270 creatures vanquished.

Vanquished Creatures (collateral kills)
  2 wolves (Lair:3)
2 creatures vanquished.

Vanquished Creatures (others)
  A death yak (IceCv)
  A black mamba (Snake:2)
  A polar bear (IceCv)
  3 yaks (IceCv)
  An orc warrior (Orc:2)
  2 wolves (IceCv)
  35 fungi
  25 plants
  A withered plant (D:15)
70 creatures vanquished.

Grand Total: 1342 creatures vanquished

Notes
Turn   | Place    | Note
--------------------------------------------------------------
     0 | D:1      | Geeful the Kobold Berserker began the quest for the Orb.
     0 | D:1      | Reached XP level 1. HP: 14/14 MP: 1/1
   295 | D:1      | Reached XP level 2. HP: 19/19 MP: 2/2
   589 | D:1      | Reached XP level 3. HP: 21/23 MP: 3/3
  1056 | D:2      | Reached XP level 4. HP: 23/28 MP: 4/4
  1745 | D:3      | Reached skill level 4 in Maces & Flails
  1766 | D:3      | Noticed leifrocks2's ghost (weakling OpIE)
  1779 | D:3      | Killed leifrocks2's ghost
  1947 | D:3      | Reached ** piety under Trog
  2035 | D:3      | Reached XP level 5. HP: 33/33 MP: 5/5
  2160 | D:3      | Found an iron altar of Okawaru.
  2565 | D:4      | Noticed a phantom
  2606 | D:3      | Killed a phantom
  2606 | D:3      | Reached XP level 6. HP: 27/38 MP: 6/6
  3072 | D:4      | Reached skill level 5 in Maces & Flails
  3219 | D:4      | Found Gede's General Store.
  3229 | D:4      | Bought a potion of heal wounds for 50 gold pieces
  3229 | D:4      | Bought a scroll of identify for 20 gold pieces
  3229 | D:4      | Bought a scroll of identify for 20 gold pieces
  3419 | D:4      | Reached XP level 7. HP: 42/44 MP: 7/7
  3491 | D:5      | Entered Level 5 of the Dungeon
  3993 | D:5      | Reached skill level 5 in Fighting
  3993 | D:5      | Reached skill level 6 in Maces & Flails
  3993 | D:5      | Reached skill level 5 in Dodging
  3993 | D:5      | Reached XP level 8. HP: 43/49 MP: 8/8
  3998 | D:5      | Noticed Eucla's ghost (novice OpMo)
  4165 | D:5      | Killed Eucla's ghost
  4506 | D:5      | Reached skill level 7 in Maces & Flails
  4878 | D:5      | Reached *** piety under Trog
  4879 | D:5      | Reached XP level 9. HP: 47/55 MP: 9/9
  5620 | D:6      | Found a white marble altar of Elyvilon.
  5621 | D:6      | Found a glowing silver altar of Zin.
  5629 | D:6      | Reached skill level 8 in Maces & Flails
  5632 | D:6      | Found a glowing golden altar of the Shining One.
  6116 | D:6      | Found a staircase to the Ecumenical Temple.
  6858 | D:7      | Found a shadowy altar of Dithmenos.
  6943 | D:7      | Noticed leifrocks2's ghost (amateur HaCK)
  6953 | D:7      | Killed leifrocks2's ghost
  7058 | D:7      | Reached skill level 9 in Maces & Flails
  7058 | D:7      | Reached XP level 10. HP: 61/63 MP: 10/10
  7168 | D:7      | Reached skill level 5 in Armour
  7311 | D:7      | Found Ynnueset's Distillery.
  7314 | D:7      | Bought a potion of flight for 39 gold pieces
  7314 | D:7      | Bought a potion of degeneration for 13 gold pieces
  7314 | D:7      | Bought a potion of might for 52 gold pieces
  7314 | D:7      | Bought a potion of heal wounds for 65 gold pieces
  7482 | D:7      | Reached **** piety under Trog
  7950 | D:8      | Found an iron altar of Okawaru.
  7990 | D:8      | Noticed a deep elf mage
  8018 | D:8      | Killed a deep elf mage
  8225 | D:8      | Found Ledd's Armour Boutique.
  8229 | D:8      | Bought a +0 pair of boots for 45 gold pieces
  8242 | D:8      | Found Taginot's Weapon Shop.
  8861 | D:8      | Found a basalt altar of Yredelemnul.
  9107 | D:9      | Reached skill level 10 in Maces & Flails
  9139 | D:9      | Found a snail-covered altar of Cheibriados.
  9152 | D:9      | Found a staircase to the Lair.
  9319 | D:9      | Found an opulent altar of Gozag.
  9704 | D:9      | Noticed Maurice
  9738 | D:9      | Found a burning altar of Makhleb.
  9966 | D:9      | Noticed an eight-headed hydra
  9970 | D:10     | Entered Level 10 of the Dungeon
 10162 | D:10     | Noticed a cyclops
 10186 | D:10     | Killed a cyclops
 10186 | D:10     | Reached XP level 11. HP: 69/69 MP: 11/11
 10288 | D:9      | Found a staircase to the Orcish Mines.
 10701 | D:9      | Killed Maurice
 10903 | D:9      | Noticed a griffon
 10903 | D:9      | an eight-headed hydra changed into a griffon
 10911 | D:9      | Killed a griffon
 11105 | D:10     | Reached skill level 11 in Maces & Flails
 11189 | D:10     | Reached ***** piety under Trog
 11475 | D:11     | Found a labyrinth entrance.
 11482 | Lab      | Entered a labyrinth
 12577 | Lab      | Noticed a minotaur
 12584 | Lab      | Noticed a satyr
 12584 | Lab      | a minotaur changed into a satyr
 12587 | Lab      | Killed a satyr
 12616 | Lab      | Got a coiled lapis lazuli ring
 12625 | Lab      | Identified the Papyrus of Translocation
 12642 | Lab      | Identified the ring "Oschait" {SustAt Str+5} (You found it in a labyrinth)
 12726 | D:11     | Noticed a cyan ugly thing
 12728 | D:11     | Noticed a hill giant
 12774 | Lair:1   | Entered Level 1 of the Lair of Beasts
 12804 | Lair:1   | Got a smoking flail
 12805 | Lair:1   | Identified the +9 flail of Fiejoinu {freeze, rElec MR+ Dex+2} (You found it on level 1 of the Lair of Beasts)
 13619 | Lair:1   | Reached skill level 10 in Dodging
 13619 | Lair:1   | Reached XP level 12. HP: 76/76 MP: 12/12
 13914 | Lair:1   | Reached skill level 12 in Maces & Flails
 14318 | Lair:2   | Reached skill level 10 in Fighting
 15265 | Lair:3   | Received a gift from Trog
 15422 | Lair:3   | Found a staircase to the Snake Pit.
 16134 | Lair:3   | Reached skill level 13 in Maces & Flails
 16538 | Lair:4   | Reached XP level 13. HP: 83/83 MP: 13/13
 16697 | Lair:4   | Noticed a five-headed hydra
 16714 | Lair:4   | Killed a five-headed hydra
 16906 | Lair:4   | Received a gift from Trog
 17124 | Lair:4   | Noticed a four-headed hydra
 17132 | Lair:4   | Killed a four-headed hydra
 17625 | Lair:5   | Reached skill level 14 in Maces & Flails
 17632 | Lair:5   | Noticed a four-headed hydra
 17654 | Lair:5   | Killed a four-headed hydra
 18256 | Lair:5   | Got a slimy leather armour
 18267 | Lair:5   | Identified the cursed +0 leather armour "Zamea" {+Inv} (You found it on level 5 of the Lair of Beasts)
 18316 | Lair:5   | Received a gift from Trog
 18326 | Lair:5   | Reached XP level 14. HP: 81/90 MP: 14/14
 18833 | Lair:5   | Found a staircase to the Shoals.
 18982 | Lair:6   | Noticed Rupert
 19016 | Lair:6   | Killed Rupert
 19212 | Lair:6   | Received a gift from Trog
 19295 | Lair:6   | Reached skill level 15 in Maces & Flails
 19840 | Lair:6   | Noticed Josephine
 19864 | Lair:6   | Killed Josephine
 20959 | Lair:7   | Found a staircase to the Slime Pits.
 21365 | Lair:8   | Entered Level 8 of the Lair of Beasts
 21709 | Lair:8   | Reached XP level 15. HP: 88/97 MP: 15/15
 21711 | Lair:8   | Received a gift from Trog
 22077 | Lair:8   | Reached skill level 10 in Armour
 22088 | Lair:8   | Got a wavering granite ring
 22090 | Lair:8   | Identified the ring of Otsyps {Int+5 Slay+2 Stlth+} (You found it on level 8 of the Lair of Beasts)
 22261 | Lair:8   | Reached ****** piety under Trog
 22280 | Lair:8   | Received a gift from Trog
 22302 | Lair:8   | Reached skill level 16 in Maces & Flails
 22460 | Lair:8   | Noticed Snorg
 22498 | Lair:8   | Killed Snorg
 22997 | Lair:8   | Received a gift from Trog
 23789 | Orc:1    | Entered Level 1 of the Orcish Mines
 23789 | Orc:1    | Found a frozen archway.
 23835 | IceCv    | Entered an ice cave
 24058 | IceCv    | Received a gift from Trog
 24061 | IceCv    | Got a dazzling quick blade {god gift}
 24082 | IceCv    | Identified the +8 quick blade of Itrotsipn {venom, *Drain Dex+7 Stlth+} (Trog gifted it to you in an ice cave)
 24446 | IceCv    | Noticed a frost giant
 24480 | IceCv    | Killed a frost giant
 24480 | IceCv    | Reached XP level 16. HP: 93/104 MP: 16/16
 25080 | Orc:2    | Entered Level 2 of the Orcish Mines
 25233 | Orc:2    | Found Yre Nih's Weapon Shop.
 25260 | Orc:2    | Received a gift from Trog
 25570 | Orc:2    | Found Ycetiset's Distillery.
 26112 | Orc:2    | Found a roughly hewn altar of Beogh.
 26144 | Orc:2    | Reached skill level 17 in Maces & Flails
 26180 | Orc:2    | Found Sifunwud's Gadget Shop.
 26180 | Orc:2    | Found Letwuj's Food Shoppe.
 26202 | Orc:2    | Found a staircase to the Elven Halls.
 26335 | Orc:2    | Found a roughly hewn altar of Beogh.
 26986 | D:11     | Noticed Maud
 27274 | D:11     | Killed Maud
 27904 | D:11     | Received a gift from Trog
 28224 | D:12     | Found Menuitin's Jewellery Shoppe.
 28287 | D:12     | Bought the amulet "Fugiorche" {RegenMP rPois} for 453 gold pieces
 29565 | D:13     | Reached skill level 15 in Dodging
 29583 | D:13     | Received a gift from Trog
 30332 | D:13     | Found a gate to the Vaults.
 30387 | D:13     | Reached XP level 17. HP: 51/111 MP: 5/17
 31193 | D:14     | Found a gateway to a bazaar.
 31199 | Bazaar   | Entered a bazaar
 31199 | Bazaar   | Found Idinau's Food Shoppe.
 31199 | Bazaar   | Found Zuosm's Weapon Emporium.
 31200 | Bazaar   | Found Cess's General Store.
 31200 | Bazaar   | Found Nuehuulit's Antique Armour Emporium.
 31214 | Bazaar   | Bought a pair of faintly humming boots for 228 gold pieces
 31214 | Bazaar   | Bought a glowing plate armour for 552 gold pieces
 31228 | Bazaar   | Bought a scroll of recharging for 152 gold pieces
 31228 | Bazaar   | Bought a potion of haste for 160 gold pieces
 31228 | Bazaar   | Bought a potion of might for 64 gold pieces
 31237 | Bazaar   | Identified the +1 pair of boots of Vyopry {-Cast rF+ MR+} (You bought it in a shop in a bazaar)
 31606 | D:14     | Found Figas's General Store.
 31614 | D:14     | Bought a scroll of magic mapping for 52 gold pieces
 31684 | D:14     | Found Tioroefu's Book Shoppe.
 31728 | D:14     | Found Dipt's Antique Weapon Emporium.
 31736 | D:14     | Noticed Sonja
 31747 | D:14     | Killed Sonja
 31914 | D:15     | Entered Level 15 of the Dungeon
 31974 | D:15     | Found a staircase to the Depths.
 32392 | D:15     | Received a gift from Trog
 33695 | Snake:1  | Entered Level 1 of the Snake Pit
 35442 | Snake:2  | Reached skill level 15 in Fighting
 35798 | Snake:2  | Received a gift from Trog
 36445 | Snake:2  | Reached XP level 18. HP: 80/119 MP: 18/18
 36906 | Snake:2  | Got a slimy ring mail
 37089 | Snake:2  | Identified the +2 ring mail of the Manifold Gods {*Contam rN+ MP+9} (You found it on level 2 of the Snake Pit)
 37508 | Snake:3  | Identified a scroll of acquirement
 37511 | Snake:3  | Got a warped crystal plate armour
 37523 | Snake:3  | Identified the +1 crystal plate armour "Robetwic" {rPois} (You acquired it on level 3 of the Snake Pit)
 37621 | Snake:3  | Received a gift from Trog
 39717 | Snake:3  | Reached skill level 1 in Shields
 40030 | Snake:4  | Entered Level 4 of the Snake Pit
 40235 | Snake:4  | Received a gift from Trog
 40899 | Snake:4  | Reached skill level 5 in Shields
 41401 | Snake:4  | Reached XP level 19. HP: 89/125 MP: 19/19
 42069 | Snake:4  | Received a gift from Trog
 43319 | Snake:4  | Got a serpentine rune of Zot
 43631 | Shoals:1 | Entered Level 1 of the Shoals
 43662 | Shoals:1 | Killed from afar by a water nymph

Vault maps used:
D:1:      dpeg_arrival_shelter
D:3:      lemuel_doored_altar, minmay_quantized
D:4:      serial_curves, eino_curves_01, eino_curves_01, serial_shops, shop,
          minivault_25
D:5:      first_bread, solitary_fountain
D:6:      good_gods_temple_1, minmay_temple_entry_enclosed_plants
D:7:      kennysheep_mini_moat, serial_shops, nicolae_shop_behind_doors
D:8:      kennysheep_mini, serial_shops, nicolae_shop_crystal, shop_fountains,
          grunt_ogre_cave, okawaru_metal_pillars_1_2
D:9:      makhleb_heckhound_becter, slow_altar_1, lair_0_dummy, orc_0_dummy,
          grunt_gozag_statues, uniq_maurice
D:11:     lab_entry_generic, hangedman_abyss_or_decor_jellyfish_corner,
          worms_lemuel, uniq_maud
D:12:     serial_shops, nicolae_shop_window_shopping, lightli_wizard_tower
D:13:     lightli_vaults_fourway_checkpoint, uniq_kirke
D:14:     serial_shops, bzr_entry_safe, shop, nicolae_shop_stone, shop,
          grunt_decor_mini_mirrors, uniq_sonja
D:15:     gammafunk_depths_entry_grave, serial_park_tiny_1, spider_trap,
          minmay_fire_ice_demons
Lair:1:   minivault_26, hangedman_lair_generics_rect
Lair:2:   st_stairs_4, infiniplex_staircase_pool_2
Lair:3:   kennysheep_rathole, guppyfry_snake_entry_island, lemuel_fruit_tree,
          grunt_megastairs_5, infiniplex_staircase_pool
Lair:4:   lemuel_slime, beast_lair_carwin_4
Lair:5:   minmay_lair_oklob_chamber, minmay_shoals_entry_lonely_mermaid,
          beast_lair_carwin_9
Lair:6:   grunt_megastairs_3, uniq_josephine, uniq_rupert
Lair:7:   minmay_slime_entry_oklob_enclosed, cheibrodos_lair_caveside_slide
Lair:8:   hangedman_lair_tendril_chambers, minivault_29, uniq_snorg
Snake:2:  grunt_ministairs_9, nrook_guardian_serpent_double, grunt_megastairs_1,
          serial_bayou_shore_b
Snake:4:  snake_pit, guppyfry_library_mini
Orc:1:    portal_ice_cave_entry_imps
Orc:2:    st_orc_town, mines2_david
Lab:      nicolae_lab_dead_adventurers, lab_statue, labyrinth_skeletal_remains,
          labyrinth_fake_exit, labyrinth_glass_1, nicolae_lab_dead_end,
          nicolae_lab_grate, nicolae_lab_garden
Bazaar:   bazaar_minmay_row
IceCv:    ice_cave_caverns_02

Skill      XL: |  1  2  3  4  5  6  7  8  9 10 11 12 13 14 15 16 17 18 19 |
---------------+----------------------------------------------------------+-----
Armour         | 2 3 4 6 8 9 10 11 12 13 | 13.5
Dodging        | 3 4 5 6 7 8 10 11 12 13 14 15 16 | 16.8
Maces & Flails | 4 5 6 7 9 10 11 13 14 15 16 17 | 17.8
Fighting       | 4 5 6 7 8 9 10 11 12 13 14 15 | 15.7
Shields        | 5 9 |  9.5

Action                   |  1- 3 |  4- 6 |  7- 9 | 10-12 | 13-15 | 16-18 | 19-21 || total
-------------------------+-------+-------+-------+-------+-------+-------+-------++-------
Melee: Mace              |    56 |   177 |   375 |   629 |       |       |       ||  1237
       Whip              |       |       |    43 |   113 |       |       |       ||   156
       Flail             |       |       |       |   301 |  1292 |  1464 |    67 ||  3124
       Eveningstar       |       |       |       |       |       |   374 |   267 ||   641
Invok: Berserk           |     3 |     8 |    14 |    25 |    11 |     9 |     4 ||    74
       Trog's Hand       |       |       |       |       |     1 |       |     1 ||     2
       Burn Spellbooks   |       |       |       |       |       |     4 |       ||     4
Evoke: Deck              |       |       |       |     7 |       |       |       ||     7
       Wand              |       |       |       |     4 |     5 |     2 |     4 ||    15
  Use: Scroll            |     3 |    10 |     2 |     9 |    10 |    19 |       ||    53
       Potion            |       |       |       |     2 |     8 |     2 |     2 ||    14
 Stab: Sleeping          |     4 |     1 |       |       |       |       |       ||     5
       Confused          |       |       |       |     1 |       |       |       ||     1
  Eat: Chunk             |    12 |    10 |    40 |    48 |    38 |    65 |    12 ||   225
       Beef jerky        |       |       |       |     2 |       |       |       ||     2
       Royal jelly       |       |       |       |     1 |       |       |       ||     1
       Pizza             |       |       |       |     1 |       |       |       ||     1
Armor: Animal skin       |    11 |       |       |       |       |       |       ||    11
       Scale mail        |     5 |    16 |       |       |       |       |       ||    21
       Chain mail        |       |   116 |   109 |   204 |   291 |   198 |       ||   918
       Plate armour      |       |       |   139 |   214 |       |   181 |       ||   534
       Crystal plate arm |       |       |       |       |       |   287 |   182 ||   469
Dodge: Dodged            |    37 |   139 |   249 |   669 |   984 |  1390 |   252 ||  3720
